Map: Vallée des cactus EC

Players

AgCl - Winner!

  • Race: Protoss Protoss
  • League: Grandmaster

BubSquared

  • Race: Zerg Zerg
  • League: Grandmaster

VOD

Have the link to the VOD?

Description

Time

  • Played on: June 5, 2015, 9:12 p.m.
  • Length: 7:32
Show
View Real Time Build Order
Export as new Build Order

AgCl Protoss - Winner!

Build Orders: Oracle Opening, Oracle Opening, Carrier Rush 

Get SALT Encoding   

  13  0:14  Probe  
  13  0:17  Pylon  
  13  0:26  Probe  
  14  0:39  Gateway, Probe (Chrono Boost)  
  15  0:49  Assimilator  
  15  0:51  Probe (Chrono Boost)  
  16  1:00  Probe (Chrono Boost)  
  17  1:08  Probe  
  18  1:20  Probe (Chrono Boost)  
  18  1:21  Pylon  
  19  1:27  Zealot  
  19  1:32  Probe (Chrono Boost)  
  22  1:39  Probe  
  23  1:51  Probe  
  23  1:53  Assimilator  
  25  2:08  Nexus  
  25  2:13  Cybernetics Core  
  25  2:15  Probe (Chrono Boost)  
  25  2:27  Probe (Chrono Boost)  
  26  2:36  Probe (Chrono Boost)  
  27  2:44  Probe (Chrono Boost)  
  26  2:52  Forge  
  26  2:55  Probe (Chrono Boost)  
  26  2:57  Stargate  
  27  3:02  Mothership Core (Chrono Boost)  
  29  3:06  Warp Gate  
  30  3:21  Probe (Chrono Boost)  
  30  3:24  Pylon  
  30  3:28  Probe (Chrono Boost)  
  30  3:34  Probe (Chrono Boost)  
  31  3:37  Probe (Chrono Boost)  
  31  3:41  Probe (Chrono Boost)  
  33  3:43  Oracle (Chrono Boost)  
  33  3:47  Probe  
  37  3:52  Probe  
  38  4:03  Fleet Beacon  
  38  4:05  Probe (Chrono Boost)  
  38  4:06  Pylon  
  40  4:12  Probe (Chrono Boost)  
  40  4:16  Probe (Chrono Boost)  
  41  4:21  Probe (Chrono Boost)  
  41  4:22  Assimilator  
  43  4:28  Probe (Chrono Boost)  
  43  4:29  Probe (Chrono Boost)  
  43  4:30  Carrier (Chrono Boost)  
  44  4:34  Probe (Chrono Boost)  
  44  4:37  Probe (Chrono Boost)  
  46  4:46  Probe (Chrono Boost)  
  54  4:53  Probe (Chrono Boost)  
  54  4:55  Probe (Chrono Boost)  
  54  4:58  Assimilator  
  54  4:59  Probe  
  56  5:01  Pylon  
  56  5:04  Probe  
  56  5:05  Gateway  
  56  5:06  Gateway  
  57  5:12  Probe  
  58  5:16  Probe  
  58  5:18  Protoss Air Weapons Level 1  
  59  5:22  Graviton Catapult (Chrono Boost)  
  59  5:24  Probe  
  59  5:28  Carrier (Chrono Boost)  
  60  5:29  Probe  
  61  5:36  Probe  
  62  5:47  Pylon  
  68  5:51  Gateway  
  68  5:55  Gateway  
  68  6:03  Pylon  
  68  6:05  Probe x2  
  68  6:08  Stalker  
  72  6:14  Pylon  
  72  6:16  Adept  
  72  6:17  Adept  
  76  6:21  Probe  
  75  6:34  Adept  
  77  6:43  Nexus  
  82  6:59  Adept  
  82  7:00  Adept x3  
  81  7:21  Stargate  
  81  7:23  Adept  
  81  7:24  Adept x3, Pylon  
Show
View Real Time Build Order
Export as new Build Order

BubSquared Zerg 

Build Orders: Hatch First 

Get SALT Encoding   

  12  0:02  Drone  
  13  0:11  Drone  
  14  0:17  Overlord  
  14  0:35  Drone x2  
  16  0:38  Drone  
  17  0:46  Drone  
  18  0:57  Hatchery  
  18  1:03  Drone  
  18  1:16  Spawning Pool  
  17  1:20  Drone  
  17  1:21  Drone  
  19  1:25  Extractor  
  19  1:29  Drone  
  19  1:40  Overlord  
  19  1:53  Drone  
  20  2:03  Queen  
  20  2:04  Zergling x2  
  23  2:14  Zergling x4  
  25  2:16  Queen  
  25  2:22  Spine Crawler  
  26  2:26  Zergling x2  
  26  2:27  Drone  
  27  2:46  Drone  
  27  2:47  Drone x3  
  31  3:03  Queen x2  
  31  3:04  Metabolic Boost  
  35  3:15  Drone  
  35  3:16  Overlord x2  
  36  3:32  Roach Warren  
  36  3:33  Drone  
  36  3:42  Lair  
  35  3:49  Drone  
  35  3:50  Drone x3, Overlord  
  39  3:59  Drone x3  
  42  4:16  Drone x3, Overlord  
  45  4:18  Drone x2  
  45  4:19  Drone x3  
  50  4:33  Spore Crawler  
  50  4:35  Queen  
  50  4:38  Spore Crawler  
  48  4:44  Extractor  
  47  4:59  Roach x3  
  53  5:01  Drone x4  
  57  5:09  Extractor  
  57  5:11  Extractor  
  55  5:21  Hatchery  
  54  5:32  Glial Reconstitution  
  54  5:44  Hydralisk Den  
  54  5:45  Drone x4  
  54  5:46  Drone x6  
  63  5:50  Roach  
  63  5:51  Roach  
  67  6:14  Overlord x3  
  67  6:15  Overlord  
  67  6:17  Overlord x3  
  67  6:32  Spore Crawler  
  62  6:34  Spore Crawler, Hydralisk x6  
  70  6:43  Spore Crawler  
  70  6:46  Spore Crawler  
  65  6:47  Spore Crawler  
  63  6:59  Hydralisk x3  
  69  7:04  Hydralisk  
Tags
 
Add a new tag
Caveats
  • Supply blocks, unpowered buildings, or Contaminate may cause inaccurate times.
  • Supply counts are checked every 10 seconds.